 Dungeon Crawl Stone Soup version 0.21.0 (webtiles) character file.

177 Razor13 the Shield-Bearer (level 5, -5/47 HPs)
             Began as a Minotaur Fighter on Apr 17, 2018.
             Slain by Capnfrog's ghost (9 damage)
             ... on level 3 of the Dungeon.
             The game lasted 00:25:25 (2815 turns).

Razor13 the Shield-Bearer (Minotaur Fighter)        Turns: 2815, Time: 00:25:25

Health: -5/47      AC:  8    Str: 21    XL:     5   Next: 31%
Magic:  4/4        EV:  9    Int:  5    God:
Gold:   123        SH:  0    Dex: 10    Spells: 4/4 levels left

rFire    + . .     SeeInvis .   E - +2 quarterstaff (chaos)
rCold    x . .     Gourm    .   (shield currently unavailable)
rNeg     . . .     Faith    .   b - +0 scale mail
rPois    .         Spirit   .   (helmet restricted)
rElec    .         Reflect  .   (no cloak)
rCorr    .         Harm     +   A - +0 pair of gloves
MR       .....                  (no boots)
Stlth    ..........             t - amulet of harm
HPRegen  0.15/turn              B - ring of fire
MPRegen  0.09/turn              (no ring)

@: no status effects
A: retaliatory headbutt, horns 2
a: no special abilities


You were on level 3 of the Dungeon.
You were not hungry.

You visited 1 branch of the dungeon, and saw 3 of its levels.

You collected 123 gold pieces.

Inventory:

Hand Weapons
 a - a +0 trident
 e - a +0 club
 m - a +0 whip
 s - a +0 dagger
 u - a +0 hand axe
 D - a +0 spear
 E - a +2 quarterstaff of chaos (weapon)
 G - a +0 mace
Missiles
 l - 114 stones (quivered)
Armour
 b - a +0 scale mail (worn)
 c - a +0 shield
 h - a +0 ring mail
 q - a +0 animal skin
 A - a +0 pair of gloves (worn)
 F - a +2 cloak
Jewellery
 j - an uncursed amulet of rage
 t - an amulet of harm (around neck)
 w - a +2 amulet of reflection {unknown}
 B - a ring of fire (left hand)
 C - an uncursed ring of protection from cold {unknown}
Wands
 y - a wand of flame (18)
 I - a wand of random effects (18)
Scrolls
 i - a scroll of amnesia {unknown}
 n - a scroll of identify
 p - a scroll of magic mapping {unknown}
 r - 2 scrolls of remove curse {unknown}
 x - a scroll of teleportation {unknown}
Potions
 d - a potion of might
 g - a potion of magic {unknown}
 k - a potion of resistance {unknown}
 o - a potion of ambrosia {unknown}
 v - a potion of flight {unknown}
 z - a potion of curing {unknown}
 H - a potion of agility {unknown}
Comestibles
 f - 7 rations


   Skills:
 + Level 4.4 Fighting
 + Level 0.4(2.7) Axes
 + Level 2.4(2.5) Maces & Flails
 + Level 3.4(3.5) Polearms
 + Level 0.2(2.7) Staves
 + Level 0.6 Throwing
 + Level 4.4 Armour
 + Level 0.2 Dodging
 + Level 4.7 Shields


You had 4 spell levels left.
You didn't know any spells.

Dungeon Overview and Level Annotations

Branches:
Dungeon (3/15)

Altars:

Annotations:
D:3 Capnfrog's ghost, amateur TrAK


Innate Abilities, Weirdness & Mutations

You reflexively headbutt those who attack you in melee.
You have a pair of horns on your head.


Message History

Capnfrog's ghost is heavily damaged.
Capnfrog's ghost hits you.
You hit Capnfrog's ghost but do no damage.
Capnfrog's ghost is heavily damaged.
Capnfrog's ghost whispers, "There is no future for you."
Capnfrog's ghost hits you but does no damage.
You barely miss Capnfrog's ghost. Your headbutt misses Capnfrog's ghost.
Capnfrog's ghost is heavily damaged.
Capnfrog's ghost hits you!
You sock Capnfrog's ghost!
Capnfrog's ghost flickers and vanishes!
Deactivating autopickup; reactivate with Ctrl-A.
Something hits you!
* * * LOW HITPOINT WARNING * * *
Something hits you.
* * * LOW HITPOINT WARNING * * *
Something completely misses you.
You see here 12 gold pieces.
Found a scroll labeled UHOANEOSUI.
You start resting.
Something hits you!
You die...

..............................#
##............................#
##.[............###.........##
###...................(....##
#.......(.....###..........#
#..............###..........#
#......<...(....#...........#
#...........................#
.............?$@#.#..........#
###..............#...........##
#......(.......##.........##
.........#.##.....#..##
#...##.###.##.....##.## ###.?..
#.##.........# #....
..########.#.##### #### ...
#<......# #.......#


There were no monsters in sight!

Vanquished Creatures
  Crazy Yiuf (D:2)
  Natasha (D:2)
  A hound zombie (D:2)
  Robin (D:1)
  3 gnolls (D:2)
  An ooze (D:1)
  4 worms
  A ball python (D:1)
  8 bats
  2 giant cockroaches
  12 goblins
  7 hobgoblins
  3 jackals (D:1)
  A quokka (D:2)
  2 frilled lizards (D:2)
  4 kobolds
  6 rats
58 creatures vanquished.

Notes
Turn   | Place    | Note
-------+----------+-------------------------------------------
     0 | D:1      | Razor13 the Minotaur Fighter began the quest for the Orb.
     0 | D:1      | Reached XP level 1. HP: 19/19 MP: 0/0
   180 | D:1      | Reached XP level 2. HP: 27/27 MP: 1/1
   955 | D:1      | Reached XP level 3. HP: 33/33 MP: 2/2
  1138 | D:2      | Noticed Robin
  1143 | D:1      | Killed Robin
  1564 | D:2      | Reached XP level 4. HP: 33/41 MP: 3/3
  1986 | D:2      | Noticed Natasha
  1998 | D:2      | Killed Natasha
  1998 | D:2      | Reached skill level 1 in Maces & Flails
  2281 | D:2      | Reached XP level 5. HP: 46/47 MP: 4/4
  2329 | D:2      | Found a runed door.
  2412 | D:2      | Noticed Crazy Yiuf
  2423 | D:2      | Killed Crazy Yiuf
  2801 | D:3      | Noticed Capnfrog's ghost (amateur TrAK)
  2815 | D:3      | Slain by Capnfrog's ghost

Skill      XL: |  1  2  3  4  5 |
---------------+----------------+-----
Fighting       | 4 |  4.4
Armour         | 4 |  4.4
Shields        | 4 |  4.7
Polearms       | 3 |  3.4
Maces & Flails | 1 2 |  2.4
Axes           | |  0.4
Staves         | |  0.2
Throwing       | |  0.6
Dodging        | |  0.2

Action                   |  1- 3 |  4- 6 || total
-------------------------+-------+-------++-------
Melee: Trident           |    54 |       ||    54
       Headbutt          |    12 |    12 ||    24
       Whip              |    26 |    10 ||    36
       Hand axe          |       |    45 ||    45
       Quarterstaff      |       |    12 ||    12
Throw: Stone             |    10 |    10 ||    20
  Use: Scroll            |     1 |       ||     1
  Eat: Ration            |     1 |     1 ||     2
       Chunk             |       |     1 ||     1
Armor: Scale mail        |    34 |    19 ||    53
Dodge: Dodged            |    28 |    26 ||    54
Block: Shield            |    46 |    27 ||    73
